 Dungeon Crawl Stone Soup version 0.21.1-1-g345015f (webtiles) character file.

868 Vodalian the Skirmisher (level 8, 0/78 HPs)
             Began as a Gargoyle Berserker on May 14, 2018.
             Was a Priest of Trog.
             Slain by an ogre
             ... wielding a +0 giant spiked club
              (15 damage)
             ... on level 5 of the Dungeon on May 16, 2018.
             The game lasted 00:12:21 (2942 turns).

Vodalian the Skirmisher (Gargoyle Berserker)        Turns: 2942, Time: 00:12:22

Health: 0/78       AC: 17    Str: 27    XL:     8   Next: 3%
Magic:  8/8        EV:  9    Int:  8    God:    Trog [***...]
Gold:   159        SH:  3    Dex: 10    Spells: 7/7 levels left

rFire    . . .     SeeInvis .   a - +0 hand axe
rCold    + . .     Gourm    .   d - +0 buckler
rNeg     + . .     Faith    .   m - +0 chain mail {rC+}
rPois    ∞         Spirit   .   (no helmet)
rElec    +         Reflect  .   (no cloak)
rCorr    .         Harm     .   n - +0 pair of gloves
MR       .....                  e - +0 pair of boots
Stlth    ..........             g - amulet of regeneration
HPRegen  0.63/turn              (no ring)
MPRegen  0.11/turn              (no ring)

@: berserking, very quick
A: negative energy resistance 1, electricity resistance, unbreathing,
petrification resistance, rot immunity, AC +5
a: Berserk, Trog's Hand, Burn Spellbooks, Renounce Religion


You were on level 5 of the Dungeon.
You worshipped Trog.
Trog was most pleased with you.
You were not hungry.

You visited 1 branch of the dungeon, and saw 5 of its levels.

You collected 159 gold pieces.

Inventory:

Hand Weapons
 a - a +0 hand axe (weapon)
Armour
 d - a +0 buckler (worn)
 e - a +0 pair of boots (worn)
 m - a +0 chain mail of cold resistance (worn)
 n - a +0 pair of gloves (worn)
Jewellery
 g - an amulet of regeneration (around neck)
Wands
 o - a wand of acid (5)
 x - a wand of iceblast (9)
Scrolls
 b - a scroll of blinking
 k - 2 scrolls of remove curse
 p - 2 scrolls of enchant weapon {unknown}
 t - a scroll of identify {unknown}
 v - 4 scrolls of teleportation {unknown}
Potions
 f - 3 potions of curing {unknown}
 h - 4 potions of resistance {unknown}
 i - a potion of haste {unknown}
 j - a potion of heal wounds {unknown}
 q - a potion of lignification {unknown}
 r - a potion of ambrosia {unknown}
 s - 2 potions of brilliance {unknown}
 u - a potion of degeneration {unknown}
 w - a potion of flight {unknown}
Comestibles
 c - 3 rations


   Skills:
 * Level 6.4 Fighting
 * Level 5.4 Axes
 + Level 4.3 Armour
 + Level 3.2 Dodging


You had 7 spell levels left.
You didn't know any spells.

Dungeon Overview and Level Annotations

Branches:
Dungeon (5/15)
 Temple: D:4-7

Altars:
Elyvilon
Gozag
Nemelex Xobeh
Qazlal
Vehumet
Wu Jian
Xom


Innate Abilities, Weirdness & Mutations

You are resistant to torment.
Your stone body is resilient. (AC +5)
You are immune to poison.
You resist negative energy. (rN+)
You are resistant to electric shocks. (rElec)
You can survive without breathing.
You are immune to petrification.
You are immune to rotting.


Message History

The ogre is lightly wounded.
The ogre hits you with a giant spiked club!
* * * LOW HITPOINT WARNING * * *
You closely miss the ogre.
The ogre is lightly wounded.
The ogre hits you but does no damage.
You're too hungry.
You eat one of the 4 rations.
That ration really hit the spot!
A red film seems to cover your vision as you go berserk!
You feel yourself moving faster!
You feel mighty!
You feel quite a bit more hungry. The ogre barely misses you.
You slash the ogre!
The ogre is heavily wounded.
The ogre barely misses you.
You barely miss the ogre.
The ogre is heavily wounded.
You hit the ogre.
The ogre is severely wounded.
The ogre hits you with a giant spiked club!
You die...

. #. .####.###### #.
............# #.
#.#.#.#.#.#.# #.##
............# #...
..⌠.....⌠...## ##.>
.?..._.......########..#
..⌠.....⌠.(.............
......O@....######...###
#.#.#.#.#.#.# #.###
.........# #..#
#.##...##.... ...## #
###.)...##.(.#
###...####. #.#.. ..
..#### ###


You could see an ogre.

Vanquished Creatures
  The ghost of cultivahabas the Cudgeler, a novice DsGl (D:5)
  An ogre (D:4)
  A water moccasin skeleton (D:3)
  A crimson imp (D:5)
  A bullfrog skeleton (D:4)
  Ijyb (D:4)
  Terence (D:2)
  3 worker ants
  A worker ant zombie (D:5)
  6 gnolls (D:4)
  12 adders
  A worm (D:3)
  3 dart slugs
  A leopard gecko (D:2)
  An orc (D:3)
  3 giant cockroaches
  5 goblins
  6 hobgoblins
  7 jackals (D:4)
  2 quokkas
  3 ball pythons
  6 bats
  4 frilled lizards (D:3)
  7 kobolds
  A quokka skeleton (D:4)
  12 rats
91 creatures vanquished.

Vanquished Creatures (others)
  A howler monkey (D:4)
  A hound (D:4)
  2 worker ants (D:4)
  An adder (D:4)
  A leopard gecko (D:2)
  2 orcs (D:4)
  A jackal (D:4)
  A frilled lizard (D:2)
10 creatures vanquished.

Grand Total: 101 creatures vanquished

Notes
Turn   | Place    | Note
-------+----------+-------------------------------------------
     0 | D:1      | Vodalian the Gargoyle Berserker began the quest for the Orb.
     0 | D:1      | Reached XP level 1. HP: 14/14 MP: 1/1
   117 | D:1      | Reached XP level 2. HP: 19/19 MP: 2/2
   637 | D:2      | Reached XP level 3. HP: 23/24 MP: 3/3
   658 | D:2      | Found a radiant altar of Vehumet.
   707 | D:2      | Noticed Terence
   715 | D:2      | Killed Terence
   715 | D:2      | Reached skill level 4 in Fighting
   774 | D:2      | Reached XP level 4. HP: 29/29 MP: 4/4
   914 | D:2      | Reached ** piety under Trog
  1345 | D:3      | Reached XP level 5. HP: 28/34 MP: 5/5
  1353 | D:3      | Found an opulent altar of Gozag.
  1620 | D:3      | Reached XP level 6. HP: 40/40 MP: 6/6
  1707 | D:3      | Found a stormy altar of Qazlal.
  1953 | D:4      | Reached skill level 5 in Fighting
  1954 | D:4      | Reached *** piety under Trog
  2098 | D:4      | Found an ornate altar of the Wu Jian Council.
  2274 | D:4      | Noticed Ijyb
  2290 | D:4      | Killed Ijyb
  2290 | D:4      | Reached XP level 7. HP: 44/44 MP: 7/7
  2474 | D:4      | Found a shimmering altar of Xom.
  2573 | D:4      | Found a sparkling altar of Nemelex Xobeh.
  2790 | D:5      | Entered Level 5 of the Dungeon
  2848 | D:5      | Found a white marble altar of Elyvilon.
  2864 | D:5      | Noticed cultivahabas's ghost (novice DsGl)
  2882 | D:5      | Killed cultivahabas's ghost
  2882 | D:5      | Reached skill level 6 in Fighting
  2882 | D:5      | Reached skill level 5 in Axes
  2882 | D:5      | Reached XP level 8. HP: 52/52 MP: 8/8
  2942 | D:5      | Slain by an ogre

Skill      XL: |  1  2  3  4  5  6  7 |
---------------+----------------------+-----
Axes           | 3 4 5 |  5.4
Fighting       | 4 5 6 |  6.4
Dodging        | 2 3 |  3.2
Armour         | 3 4 |  4.3

Action                   |  1- 3 |  4- 6 |  7- 9 || total
-------------------------+-------+-------+-------++-------
Melee: Hand axe          |    85 |   269 |    90 ||   444
Invok: Berserk           |     1 |     2 |     2 ||     5
       Trog's Hand       |       |       |     1 ||     1
  Use: Scroll            |       |     3 |       ||     3
  Eat: Chunk             |     1 |     6 |     3 ||    10
       Ration            |       |       |     1 ||     1
Armor: Animal skin       |    14 |       |       ||    14
       Scale mail        |    30 |       |       ||    30
       Chain mail        |     9 |   201 |    49 ||   259
Dodge: Dodged            |    42 |   112 |    40 ||   194
Block: Buckler           |     8 |    35 |    12 ||    55
